 Dungeon Crawl Stone Soup version 0.29-a0-632-g781b4ac09e (webtiles) character file.

Game seed: 12933129793182399815

325 Glafi the Skirmisher (level 6, -2/58 HPs)
             Began as a Minotaur Fighter on June 19, 2022.
             Slain by a gnoll
             ... wielding a +0 club
              (6 damage)
             ... on level 4 of the Dungeon.
             The game lasted 00:19:07 (2861 turns).

Glafi the Skirmisher (Minotaur Fighter)             Turns: 2861, Time: 00:19:08

Health: -2/58      AC:  8    Str: 22    XL:     6   Next: 24%
Magic:  5/5        EV: 10    Int:  5    God:
Gold:   198        SH:  5    Dex: 16    Spells: 5/5 levels left

rFire   . . .      SeeInvis .   a - +0 war axe
rCold   . . .      Faith    .   c - +0 buckler
rNeg    . . .      Spirit   .   b - +0 scale mail
rPois   .          Reflect  .   (helmet restricted)
rElec   .          Harm     .   (no cloak)
rCorr   .          Rampage  .   r - +0 pair of gloves
Will    .....                   (no boots)
Stlth   ..........              (no amulet)
HPRegen 0.19/turn               i - +6 ring of dexterity
MPRegen 0.09/turn               (no ring)

@: no status effects
A: horns 2, retaliatory headbutt
a: no special abilities


You were on level 4 of the Dungeon.
You visited 1 branch of the dungeon, and saw 4 of its levels.

You collected 198 gold pieces.

Inventory:

Hand Weapons
 a - a +0 war axe (weapon)
Armour
 b - a +0 scale mail (worn)
 c - a +0 buckler (worn)
 r - a +0 pair of gloves (worn)
Jewellery
 i - a +6 ring of dexterity (left hand)
 x - a +6 ring of strength
Wands
 v - a wand of digging (1)
Scrolls
 j - a scroll of enchant armour {unknown}
 l - 3 scrolls of amnesia {unknown}
 m - a scroll of summoning {unknown}
 n - a scroll of vulnerability {unknown}
 o - 2 scrolls of immolation {unknown}
 p - a scroll of noise {unknown}
 w - a scroll of magic mapping {unknown}
Potions
 d - a potion of might
 e - 2 potions of degeneration {unknown}
 f - 3 potions of curing {unknown}
 g - a potion of brilliance {unknown}
 h - a potion of lignification {unknown}
 k - 2 potions of heal wounds {unknown}
 q - a potion of haste {unknown}
 s - a potion of cancellation {unknown}
 t - a potion of invisibility {unknown}
 u - a potion of mutation {unknown}


   Skills:
 * Level 6.6 Fighting
 - Level 2.4 Axes
 + Level 5.3 Armour
 + Level 1.1 Dodging
 + Level 0.4 Stealth
 + Level 4.6 Shields


You had 5 spell levels left.
You didn't know any spells.
Your spell library contained the following spells:

 Spells                   Type           Power      Damage    Failure   Level
 Slow                     Hex            0%         N/A       86%         1
 Blink                    Tloc           0%         N/A       95%         2
 Confusing Touch          Hex            0%         N/A       99%         3
 Vampiric Draining        Necr           0%         2d6       99%         3
 Fulminant Prism          Conj/Hex       0%         3d6       100%        4
 Iskenderun's Mystic Bla  Conj/Tloc      0%         2d3       100%        4
 Lee's Rapid Deconstruct  Erth           0%         3d5*      100%        5
 Manifold Assault         Tloc           0%         N/A       100%        5
 Storm Form               Tmut/Air       0%         N/A       100%        7


Dungeon Overview and Level Annotations

Branches:
Dungeon (4/15)
 Temple: D:4-7

Altars:
Dithmenos
Fedhas
Okawaru
Trog
Zin

Annotations:
D:3 1 runed translucent door, CInkIbrahim's ghost, amateur GrGl
D:4 Grinder


Innate Abilities, Weirdness & Mutations

You have a pair of horns on your head.
You reflexively headbutt those who attack you in melee.


Message History

You slash Grinder!
Grinder is moderately wounded.
You barely miss the gnoll. You closely miss the gnoll. Grinder hits you!
You writhe in agony.
You block the gnoll's attack.
You hit Grinder. You headbutt Grinder!
Grinder is severely wounded.
You completely miss the gnoll. You closely miss the gnoll.
You barely miss the gnoll. Grinder barely misses you.
The gnoll hits you but does no damage. The gnoll hits you with a +0 club.
The gnoll hits you but does no damage.
You hit Grinder.
Grinder is severely wounded.
You hit the gnoll. x3; Grinder barely misses you.
The gnoll hits you with a +0 whip.
* * * LOW HITPOINT WARNING * * *
The gnoll closely misses you. The gnoll hits you with a +0 club.
* * * LOW HITPOINT WARNING * * *
The gnoll barely misses you. Grinder hits you.
* * * LOW HITPOINT WARNING * * *
You writhe in agony.
* * * LOW HITPOINT WARNING * * *
The gnoll hits you with a +0 club.
* * * LOW HITPOINT WARNING * * *
You block the gnoll's attack.
You hit Grinder.
Grinder is almost dead.
You completely miss the gnoll. You hit the gnoll.
You hit the gnoll but do no damage. Grinder hits you but does no damage.
The gnoll barely misses you. x2; The gnoll hits you with a +0 club.
* * * LOW HITPOINT WARNING * * *
You hit Grinder. Your headbutt misses Grinder.
Grinder is almost dead.
You barely miss the gnoll. You completely miss the gnoll. You slash the gnoll!
You kill the gnoll!
The gnoll hits you but does no damage. Grinder barely misses you.
The gnoll hits you but does no damage. The gnoll misses you.
You furiously retaliate!
You headbutt the gnoll, but do no damage.
The gnoll hits you with a +0 club.
You die...

.## .. ..# #.# ..#
#. #.# #..######.
#.# ##).........##.#
##@5...## #....#
##.gg....## #....#
#.........###....###
+.........+.........
#.........####...###
##.......## #..##
##..)..######.##
##...##......#
##'###.####.####


You could see Grinder and 2 gnolls.

Vanquished Creatures
  2 scorpions (D:4)
  Jessica (D:2)
  Natasha (D:2)
  5 adders
  2 gnolls (D:4)
  4 worms
  2 dart slugs
  7 orcs (D:3)
  5 bats
  5 endoplasms
  4 giant cockroaches
  6 goblins
  8 hobgoblins
  3 jackals (D:1)
  9 kobolds
  2 quokkas
  5 ball pythons
  3 frilled lizards
  10 rats
84 creatures vanquished.

Notes
Turn   | Place    | Note
-------+----------+-------------------------------------------
     0 | D:1      | Glafi the Minotaur Fighter began the quest for the Orb.
     0 | D:1      | Reached XP level 1. HP: 19/19 MP: 0/0
   114 | D:1      | Reached skill level 4 in Fighting
   125 | D:1      | Reached XP level 2. HP: 26/27 MP: 1/1
   531 | D:1      | Reached XP level 3. HP: 34/34 MP: 2/2
   750 | D:2      | Reached skill level 5 in Fighting
   925 | D:2      | Noticed Jessica
   929 | D:2      | Killed Jessica
   930 | D:2      | Reached XP level 4. HP: 32/42 MP: 3/3
  1127 | D:2      | Found a faded altar of an unknown god.
  1218 | D:2      | Noticed Natasha
  1229 | D:2      | Killed Natasha
  1590 | D:3      | Reached XP level 5. HP: 42/50 MP: 4/4
  1692 | D:3      | Found a runed translucent door.
  2031 | D:3      | Found a bloodstained altar of Trog.
  2033 | D:3      | Found a glowing silver altar of Zin.
  2033 | D:3      | Found a blossoming altar of Fedhas.
  2272 | D:3      | Noticed CInkIbrahim's ghost (amateur GrGl)
  2384 | D:4      | Reached skill level 6 in Fighting
  2384 | D:4      | Reached skill level 5 in Armour
  2529 | D:4      | Reached skill level 1 in Dodging
  2529 | D:4      | Reached XP level 6. HP: 53/58 MP: 5/5
  2690 | D:4      | Found a shadowy altar of Dithmenos.
  2691 | D:4      | Found an iron altar of Okawaru.
  2851 | D:4      | Noticed Grinder
  2854 | D:4      | Paralysed by Grinder for 3 turns
  2861 | D:4      | Slain by a gnoll

Illustrated notes

Levels and vault maps discovered:
D:1:      lightli_arrival_maybe_door_vault, layout_rooms, minmay_domino_2
D:2:      layout_basic, basic_ecumenical_altar, uniq_natasha, uniq_jessica
D:3:      layout_loops_cross, grunt_temple_overflow_open,
          ebering_ghost_reflecting_pool
D:4:      layout_loops_corners, nicolae_overflow_squiral, uniq_grinder,
          uniq_eustachio

Skill      XL: |  1  2  3  4  5 |
---------------+----------------+-----
Fighting       | 4 5 6 |  6.6
Armour         | 4 5 |  5.3
Shields        | 4 |  4.6
Dodging        | 1 |  1.1
Axes           | |  2.4
Stealth        | |  0.4

Action                   |  1- 3 |  4- 6 || total
-------------------------+-------+-------++-------
Melee: War axe           |    78 |   108 ||   186
       Headbutt          |     9 |    16 ||    25
Armor: Scale mail        |    42 |    54 ||    96
Dodge: Dodged            |    38 |    44 ||    82
Block: Buckler           |    19 |    29 ||    48

Table legend: (Time is in decaauts)
 A = Elapsed time spent in this place.
 B = Non-inter-level travel time spent in this place.
 C = Inter-level travel time spent in this place.
 D = Time resting spent in this place.
 E = Time spent auto-exploring this place.
 F = Levels seen in this place.
 G = Mean time per level.
                   A        B        C        D        E       F      G
               +--------+--------+--------+--------+--------+-----+--------+
         Total |   2938 |   2887 |     51 |    179 |   2110 |   4 |  734.5 |
       Dungeon |   2938 |   2887 |     51 |    179 |   2110 |   4 |  734.5 |
               +--------+--------+--------+--------+--------+-----+--------+

Top non-repeatable levels by time:
     D:3: 876 daAuts
     D:2: 859 daAuts
     D:1: 618 daAuts
     D:4: 583 daAuts
